 Dungeon Crawl Stone Soup version 0.16-a0-2581-g6f3a107 (webtiles) character file.

5295 Ratboiler the Spear-Bearer (level 10, -7/63 (70) HPs)
             Began as a Vampire Wanderer on Nov 21, 2014.
             Was an Elder of Okawaru.
             Killed by divine providence
             ... invoked by an orc priest
              (16 damage)
             ... on level 9 of the Dungeon.
             The game lasted 00:26:34 (8596 turns).

Ratboiler the Spear-Bearer (Vampire Wanderer)       Turns: 8596, Time: 00:26:35

HP:   -7/63 (70)    AC: 12    Str: 13    XL:     10   Next: 37%
MP:   11/11         EV:  8    Int: 13    God:    Okawaru [****..]
Gold: 483           SH:  0    Dex: 15    Spells: 0 memorised, 9 levels left

rFire  . . .     SeeInvis +     a - +0 trident (venom)
rCold  . . .     Clarity  .     l - +0 scale mail
rNeg   . . .     SustAb   .     (no shield)
rPois  +         Gourm    .     o - +0 helmet
rElec  .         Spirit   .     (no cloak)
rCorr  +         Warding  .     (no gloves)
rMut   .         Stasis   .     G - +0 pair of boots
MR     ++...                    y - amulet of resist corrosion
Stlth  +.........               q - ring of poison resistance
                                z - +4 ring of protection

@: regenerating very quickly, very resistant to hostile enchantments, very
unstealthy
A: bottle blood, fangs 3, hooves 1, see invisible, magic resistance 1,
unbreathing
a: Heroism, Renounce Religion


You were on level 9 of the Dungeon.
You worshipped Okawaru.
Okawaru was greatly pleased with you.
You were almost alive.

You visited 2 branches of the dungeon, and saw 10 of its levels.

You collected 483 gold pieces.

Inventory:

Hand weapons
 a - a +0 trident of venom (weapon)
 b - a -2 blowgun
 K - a +0 glaive
Missiles
 h - 43 poisoned needles
 O - 4 curare-tipped needles
Armour
 l - a +0 scale mail (worn)
 o - a +0 helmet (worn)
 G - a +0 pair of boots (worn)
Jewellery
 p - an uncursed ring of ice
 q - a ring of poison resistance (right hand)
 y - an amulet of resist corrosion (around neck)
 z - a +4 ring of protection (left hand)
 A - an uncursed ring of stealth {unknown}
 B - an uncursed amulet of stasis
Magical devices
 d - a wand of frost (26)
 E - a wand of disintegration (2)
 I - a wand of slowing (21)
 M - a wand of confusion (17)
Scrolls
 g - 9 scrolls of remove curse
 j - 2 scrolls of blinking {unknown}
 m - 2 scrolls of recharging {unknown}
 r - 2 scrolls of noise {unknown}
 u - 3 scrolls of enchant armour {unknown}
 x - a scroll of magic mapping {unknown}
 F - 2 scrolls of holy word {unknown}
 P - a scroll of identify
 Q - a scroll of fog {unknown}
Potions
 e - 6 potions of blood
 f - a potion of agility
 i - a potion of cancellation
 k - a potion of curing {unknown}
 n - a potion of invisibility
 s - a potion of restore abilities
 t - 2 potions of berserk rage {unknown}
 v - a potion of lignification
 w - 3 potions of brilliance
 C - 2 potions of might {unknown}
 D - a potion of poison {unknown}
 H - 2 potions of haste {unknown}
 J - a potion of confusion {unknown}
 L - a potion of resistance
 N - a potion of cure mutation {unknown}


   Skills:
 - Level 3.6 Fighting
 * Level 13.6 Polearms
 - Level 2.1 Dodging
 - Level 3.0 Stealth
   Level 1.0 Shields
 - Level 1.0 Evocations


You had 9 spell levels left.
You didn't know any spells.

Dungeon Overview and Level Annotations

Branches:
Dungeon (9/15)             Temple (1/1) D:5
   Lair: D:8-11         Orc: D:9-12

Altars:
Ashenzari
Cheibriados
Dithmenos
Elyvilon
Fedhas
Gozag
Kikubaaqudgha
Makhleb
Nemelex Xobeh
Okawaru
Qazlal
Ru
Sif Muna
Trog
Vehumet
Xom
Yredelemnul
Zin
The Shining One

Shops:
D:5 }

Annotations:
D:4 Eustachio


Innate Abilities, Weirdness & Mutations

Your natural rate of healing is extremely fast.
You can bottle blood from corpses.
You have razor-sharp teeth.
You have supernaturally acute eyesight.
You can survive without breathing.
You have large cloven feet.
You are resistant to hostile enchantments.


Message History

The troll is heavily wounded.
Drink which item? (? for menu, Esc to quit)
Okay, then.
Read which item? (? for menu, Esc to quit)
As you read the scroll of teleportation, it crumbles to dust.
You feel strangely unstable. The troll bites you.
* * * LOW HITPOINT WARNING * * *
The troll claws you.
* * * LOW HITPOINT WARNING * * *
The troll barely misses you.
Your surroundings suddenly seem different.
The orc warrior shouts!
The orc priest shouts!
A kobold comes into view.
The kobold shouts!
A kobold comes into view.
The kobold shouts!
The big kobold hits you but does no damage.
The orc priest invokes the aid of Beogh against you.
Something smites you!
You die...

·····▒▒o
·····▒ ▒▒▒▒▒▒
·▒ ···· !
···▒▒ ▒·▒▒···
·····o·
▒···K·▒▒
▒··K·@▒
▒··o·K········
▒▒▒▒▒▒▒▒▒▒▒··


You could see an orc warrior, a big kobold, an orc priest and 2 kobolds.

Vanquished Creatures
  Pikel (D:5)
  A manticore (D:8)
  A queen ant (D:8)
  A human (D:7)
  A hog (D:7)
  4 soldier ants (D:8)
  2 orc warriors (D:7)
  An ice beast (D:8)
  3 ogres
  2 necrophages
  An eye of draining (D:8)
  3 slaves
  4 centaurs
  A big kobold (D:8)
  A water moccasin zombie (D:9)
  3 giant frogs (D:8)
  A water moccasin skeleton (D:4)
  4 scorpions
  4 wights (D:8)
  3 crimson imps
  A goliath beetle (D:8)
  A quasit (D:8)
  A centaur zombie (D:7)
  2 hounds
  3 orc priests
  5 orc wizards
  2 iguanas
  26 worker ants
  3 sheep (D:7)
  A hound skeleton (D:6)
  8 gnolls
  2 shadow imps
  11 adders
  6 worms
  An adder skeleton (D:4)
  An ooze (D:6)
  25 orcs
  A ball python (D:1)
  14 bats
  A bat skeleton (D:8)
  7 goblins
  16 hobgoblins
  9 jackals
  24 kobolds
  A quokka (D:7)
  3 giant cockroaches
  3 giant geckos
  5 giant newts
  A giant spore (D:8)
  9 rats
  9 ballistomycetes (D:8)
244 creatures vanquished.

Vanquished Creatures (others)
  An adder zombie (D:5)
  3 giant spores
  A ballistomycete (D:6)
5 creatures vanquished.

Grand Total: 249 creatures vanquished

Notes
Turn   | Place    | Note
--------------------------------------------------------------
     0 | D:1      | Ratboiler, the Vampire Wanderer, began the quest for the Orb.
     0 | D:1      | Ratboiler set off with: a +2 leather armour, a +0 spear, a scroll of teleportation, a +0 dagger, a potion of blood
     0 | D:1      | Reached XP level 1. HP: 18/18 MP: 1/1
    33 | D:1      | Reached skill level 1 in Polearms
    68 | D:1      | Reached XP level 2. HP: 20/24 MP: 2/2
   708 | D:2      | Reached XP level 3. HP: 8/29 MP: 3/3
  1325 | D:2      | Reached XP level 4. HP: 19/36 MP: 4/4
  1684 | D:3      | Gained mutation: You have large cloven feet. [potion of beneficial mutation]
  2026 | D:3      | Found a blossoming altar of Fedhas.
  2034 | D:3      | Found a glowing silver altar of Zin.
  2037 | D:3      | Found a white marble altar of Elyvilon.
  2290 | D:4      | Reached skill level 4 in Polearms
  2432 | D:4      | Noticed Eustachio
  2474 | D:5      | Entered Level 5 of the Dungeon
  2557 | D:5      | Reached XP level 5. HP: 36/41 MP: 5/5
  2566 | D:5      | Noticed an ogre
  2593 | D:5      | Reached skill level 5 in Polearms
  2717 | D:4      | Reached XP level 6. HP: 41/47 MP: 7/7
  3065 | D:4      | Reached skill level 6 in Polearms
  3129 | D:4      | Gained mutation: You are resistant to hostile enchantments. [potion of beneficial mutation]
  3346 | D:5      | Noticed a slave
  3346 | D:5      | Noticed a slave
  3443 | D:5      | Noticed a centaur
  3450 | D:5      | Killed a centaur
  3473 | D:4      | Killed a slave
  3492 | D:5      | Killed a slave
  3543 | D:5      | Noticed a slave
  3548 | D:5      | Noticed Pikel
  3569 | D:4      | Killed a slave
  3623 | D:5      | Killed Pikel
  3623 | D:5      | Reached skill level 8 in Polearms
  3623 | D:5      | Reached XP level 7. HP: 37/52 MP: 8/8
  3627 | D:5      | Noticed a freed slave
  3717 | D:4      | Reached XP level 8. HP: 48/59 MP: 9/9
  3776 | D:5      | Killed an ogre
  3907 | D:5      | Found Cusot's Gadget Shop.
  3937 | D:5      | Found a staircase to the Ecumenical Temple.
  3943 | Temple   | Entered the Ecumenical Temple
  4004 | Temple   | Became a worshipper of Warmaster Okawaru
  4341 | D:6      | Noticed a troll
  4420 | D:7      | Reached skill level 9 in Polearms
  4446 | D:7      | Found a shattered altar of Ashenzari.
  4692 | D:7      | Acquired Okawaru's first power
  4692 | D:7      | Reached skill level 10 in Polearms
  5079 | D:6      | Reached XP level 9. HP: 45/64 MP: 10/10
  5345 | D:6      | Reached skill level 11 in Polearms
  5348 | D:6      | Found a glowing golden altar of the Shining One.
  5427 | D:6      | Found a burning altar of Makhleb.
  6758 | D:8      | Noticed a manticore
  6862 | D:8      | Killed a manticore
  6862 | D:8      | Reached skill level 12 in Polearms
  7231 | D:8      | Reached XP level 10. HP: 47/66 MP: 11/11
  7437 | D:8      | Noticed a queen ant
  7452 | D:8      | Killed a queen ant
  7452 | D:8      | Reached skill level 13 in Polearms
  8142 | D:8      | Found a deep blue altar of Sif Muna.
  8596 | D:9      | Killed from afar by an orc priest

Action                   |  1- 3 |  4- 6 |  7- 9 | 10-12 || total
-------------------------+-------+-------+-------+-------++-------
Melee: Spear             |   161 |    46 |       |       ||   207
       Trident           |       |   227 |   456 |   198 ||   881
 Fire: Blowgun           |       |       |     3 |     7 ||    10
Evoke: Wand              |       |       |     3 |       ||     3
  Use: Potion            |    10 |    15 |    23 |     7 ||    55
       Scroll            |     1 |     6 |     6 |     1 ||    14
 Stab: Sleeping          |     3 |       |     1 |       ||     4
